 Dungeon Crawl Stone Soup version 0.31-a0-360-gb3e1d13 (webtiles) character file.

Game seed: 11349434487283248939

13915 lyrin the Ripper (level 11, -13/45 HPs)
             Began as a Felid Shapeshifter on July 26, 2023.
             Was a Believer of Uskayaw.
             Killed from afar by an ogre mage (27 damage)
             ... with a bolt of magma
             ... on level 2 of the Orcish Mines.
             The game lasted 00:24:02 (10807 turns).

lyrin the Ripper (Felid Shapeshifter)              Turns: 10807, Time: 00:24:03

Health: -13/45     AC:  2    Str: 11    XL:     11   Next: 81%
Magic:  12/12      EV: 24    Int: 12    God:    Uskayaw [**....]
Gold:   790        SH:  0    Dex: 19    Spells: 10/10 levels left
                                        Lives:  0   Deaths: 2

rFire   . .          .
                       - Unarmed
rCold   . . .        (shield unavailable)
rNeg    . . .        (body armour unavailable)
rPois   .            (helmet unavailable)
rElec   .            (cloak unavailable)
rCorr   .            (gloves unavailable)
SInv    +            (boots unavailable)
Will    ++...        h - amulet of regeneration
Stlth   +++++        i - +4 ring of slaying
HPRegen 1.07/turn    o - ring of willpower
MPRegen 0.13/turn

%: no passive effects
@: blade hands, quick
A: very small, claws 1, fangs 3, see invisible, speed 1, shaggy fur 2, (stealthy
paws), no weapons or thrown items, no armour, multi-lived
a: Begin Untransformation, Renounce Religion, Stomp, Line Pass


You were on level 2 of the Orcish Mines.
You worshipped Uskayaw.
Uskayaw was noncommittal.
You had blades for front paws.
You visited 2 branches of the dungeon, and saw 13 of its levels.
You also visited: Ossuary and Bailey.

You collected 890 gold pieces.
You spent 100 gold pieces at shops.

Inventory:

Jewellery
 h - an amulet of regeneration (around neck)
 i - a +4 ring of slaying (left blade hand)
 n - a ring of flight
 o - a ring of willpower (right blade hand)
Talismans
 b - a beast talisman
 F - a serpent talisman
 K - a blade talisman
 L - a maw talisman
Wands
 y - a wand of quicksilver (9)
 C - a wand of flame (17)
 G - a wand of roots (10)
 I - a wand of paralysis (8)
 J - a wand of digging (8)
Scrolls
 c - 5 scrolls of poison
 d - a scroll of immolation {unknown}
 e - 3 scrolls of blinking
 l - 3 scrolls of noise {unknown}
 p - 2 scrolls of fear {unknown}
 q - 2 scrolls of vulnerability {unknown}
 r - 3 scrolls of amnesia {unknown}
 t - a scroll of brand weapon {unknown}
 v - a scroll of enchant weapon {unknown}
 E - 2 scrolls of teleportation {unknown}
 H - 2 scrolls of enchant armour {unknown}
 M - a scroll of identify
Potions
 a - 6 potions of lignification
 f - 3 potions of degeneration
 g - 3 potions of haste
 j - a potion of berserk rage {unknown}
 k - 7 potions of curing
 m - 2 potions of resistance {unknown}
 s - 3 potions of brilliance {unknown}
 u - 8 potions of heal wounds
 w - a potion of magic {unknown}
 x - 3 potions of might
 z - 3 potions of attraction {unknown}
 A - a potion of mutation {unknown}
 B - a potion of enlightenment {unknown}
Miscellaneous
 D - a phial of floods


   Skills:
 + Level 3.5 Fighting
 + Level 9.4 Dodging
 + Level 11.7 Stealth
 + Level 15.8 Unarmed Combat
 + Level 1.7 Evocations
 * Level 13.3 Shapeshifting


You had 10 spell levels left.
You didn't know any spells.
Your spell library contained the following spells:

 Spells                   Type           Power      Damage    Failure   Level
 Kiss of Death            Conj/Necr      0%         2d5       75%         1
 Sting                    Tmut/Pois      0%         1d3       75%         1
 Poisonous Vapours        Pois/Air       0%         N/A       85%         2
 Confusing Touch          Hex            0%         N/A       95%         3
 Inner Flame              Hex/Fire       0%         N/A       95%         3
 Anguish                  Hex/Necr       0%         N/A       100%        4
 Cause Fear               Hex            0%         N/A       100%        4
 Dispel Undead            Necr           0%         3d6       100%        4
 Manifold Assault         Tloc           0%         N/A       100%        4
 Olgreb's Toxic Radiance  Pois           0%         N/A       100%        4
 Yara's Violent Unravell  Hex/Tmut       0%         3d3       100%        5
 Dispersal                Tloc           0%         N/A       100%        6
 Enfeeble                 Hex            0%         N/A       100%        7
 Disjunction              Tloc           0%         N/A       100%        8


Dungeon Overview and Level Annotations

Branches:
Dungeon (11/15)            Temple (0/1) D:6            Lair (0/5) D:11
    Orc (2/2) D:10            Elf (0/3) Orc:2       Ossuary (visited)
 Bailey (visited)

Altars:
Ashenzari
Elyvilon
Kikubaaqudgha
Okawaru
Ru
Sif Muna
Uskayaw
Xom
Yredelemnul
The Shining One

Shops:
D:1 (   D:10 ![=   Orc:2 :?

Annotations:
D:6 2 runed translucent doors
D:7 2 transporters, Caerwyn's ghost, novice MfSh
D:9 exclusion: orange crystal statue


Innate Abilities, Weirdness & Mutations

You have blades for front paws.
Your spellcasting is less reliable in this form.
You have sharp claws.
You have razor-sharp teeth.
You have supernaturally acute eyesight. (SInv)
You cover ground quickly. (Speed+)
You are covered in thick fur. (AC +2)
((Your paws help you pounce on unaware monsters.))
You are incapable of wielding weapons or throwing items.
You cannot wear armour.
You gain extra lives every three experience levels.


Message History

An ogre mage comes into view. It is wielding a +0 spear.
The ogre mage casts a spell at you. You resist with almost no effort.
There is a stone staircase leading up here.
The ogre mage casts a spell.
The ogre mage flickers and vanishes for a moment.
The ogre mage mumbles some strange words.
The ogre mage flickers and vanishes for a moment.
The ogre mage casts a spell at you. The bolt of magma misses you.
The ogre hits you with a +0 giant spiked club!!
Found 26 gold pieces.
The ogre attacks as you move away!
The ogre hits you with a +0 giant spiked club!!
* * * LOW HITPOINT WARNING * * *
You slice the ogre!!
You kill the ogre!
A two-headed ogre comes into view. It is wielding two +0 giant clubs.
The ogre mage casts a spell at the two-headed ogre.
The two-headed ogre seems to speed up.
You see here a +0 giant spiked club.
Things that are here:
a +0 giant club; a +0 giant spiked club You slice the two-headed ogre!!
The two-headed ogre is heavily wounded.
The two-headed ogre hits you with a +0 giant club!!
Ouch! That really hurt!
* * * LOW HITPOINT WARNING * * *
The two-headed ogre completely misses you.
You slice the two-headed ogre!! Your slash misses the two-headed ogre.
You bite the two-headed ogre.
You kill the two-headed ogre!
You can now pass through a line of other dancers.
You have finished your manual of Unarmed Combat and toss it away.
Things that are here:
a +0 giant club; a +0 giant club The ogre mage gestures at you while chanting.
The bolt of magma hits you!!
Ouch! That really hurt!
You die...

##...........##.............
##..........)#..............
##.#.......#...#.............
#.....[........)..)....).....
##.##..[...#.................
#.. #.[[......<........##....
##...#.......................
#....##..#...##.............
##.......#.@##.....#[.......
##.....#)))#.......).......
#.......#.###......).......
#........O.#...#.....#.....
..#......#...O..............
......#............#........
....###....###..##.........
.#.# ##..####...#.......## #.
######.#.###.#......


You could see an ogre mage.

Vanquished Creatures
  An ettin (Orc:2)
  2 ogre magi (Orc:2)
  8 two-headed ogres
  Pikel (D:4)
  A cyclops (D:11)
  A manticore (D:10)
  Maggie (D:9)
  A rime drake (D:11)
  A polar bear (D:11)
  2 trolls
  Prince Ribbit (D:9)
  2 hornets
  Grinder (D:3)
  A wyvern (D:10)
  3 wraiths
  Sigmund (D:2)
  8 yaks
  Grum (D:8)
  A basilisk (D:11)
  A steam dragon (D:8)
  A warg (Orc:1)
  3 water moccasins
  16 orc warriors
  2 black bears
  A hornet zombie (D:6)
  16 ogres
  7 ice beasts
  11 centaurs
  5 wolves
  A phantom (D:6)
  3 lemures (D:4)
  2 kobold brigands
  3 bullfrogs
  3 scorpions
  A wyvern zombie (D:6)
  4 water moccasin zombies (Ossuary)
  4 wights (D:7)
  11 killer bees (D:9)
  2 howler monkeys (D:6)
  2 centaur zombies (D:6)
  4 crimson imps (D:7)
  A bullfrog zombie (D:6)
  A gnoll bouda (D:6)
  3 jellies
  2 orc priests
  3 hounds
  3 sleepcaps
  Jessica (D:2)
  4 iguanas
  Natasha (D:3)
  9 orc wizards
  A killer bee zombie (D:6)
  A howler monkey zombie (D:6)
  2 mummies (Ossuary)
  8 gnolls
  9 adders
  A shadow imp (D:6)
  2 white imps
  An ufetubus (D:4)
  4 adder zombies (Ossuary)
  3 dart slugs
  A worm (D:4)
  60 orcs
  9 bats
  8 endoplasms
  3 giant cockroaches (D:1)
  10 goblins
  7 hobgoblins
  2 jackals (D:4)
  15 kobolds
  4 quokkas
  10 ball pythons
  2 frilled lizards (D:3)
  2 gnoll zombies (Ossuary)
  2 hobgoblin zombies (Ossuary)
  6 kobold zombies (Ossuary)
  7 orc zombies (Ossuary)
  2 rats
351 creatures vanquished.

Notes
Turn   | Place    | Note
-------+----------+-------------------------------------------
     0 | D:1      | lyrin the Felid Shapeshifter began the quest for the Orb.
     0 | D:1      | Reached XP level 1. HP: 9/9 MP: 2/2
   242 | D:1      | Reached XP level 2. HP: 10/12 MP: 3/3
   469 | D:1      | Reached XP level 3. HP: 12/15 MP: 4/4
   615 | D:1      | Found Tiffietz's Weapon Emporium.
   862 | D:2      | Noticed Jessica
   865 | D:2      | Noticed Sigmund
   867 | D:2      | Killed Jessica
   875 | D:2      | Reached XP level 4. HP: 16/19 MP: 5/5
   876 | D:2      | Reached skill level 4 in Unarmed Combat
   898 | D:2      | Killed Sigmund
   899 | D:2      | Reached XP level 5. HP: 22/22 MP: 6/6
  1445 | D:3      | Found a glowing golden altar of the Shining One.
  1446 | D:3      | Found an iron altar of Okawaru.
  1504 | D:3      | Reached skill level 5 in Unarmed Combat
  1506 | D:3      | Noticed Grinder
  1513 | D:3      | Paralysed by Grinder for 5 turns
  1522 | D:3      | Killed Grinder
  1523 | D:3      | Reached skill level 1 in Stealth
  1523 | D:3      | Gained mutation: You are covered in thick fur. (AC +2)
                  | [Felid growth]
  1523 | D:3      | Reached XP level 6. HP: 11/26 MP: 7/7
  1592 | D:3      | Noticed Natasha
  1599 | D:3      | Killed Natasha
  1767 | D:3      | You fall into a shaft and drop 2 floors!
  1767 | D:5      | Entered Level 5 of the Dungeon
  1869 | D:3      | Found a faded altar of an unknown god.
  1994 | D:4      | Reached XP level 7. HP: 5/29 MP: 8/8
  2084 | D:4      | Reached skill level 6 in Unarmed Combat
  2140 | D:4      | Reached skill level 5 in Shapeshifting
  2231 | D:4      | Found a hide-covered altar of Uskayaw.
  2244 | D:4      | Became a worshipper of Uskayaw the Reveller
  2246 | D:4      | Noticed Pikel
  2249 | D:4      | Reached * piety under Uskayaw
  2251 | D:4      | Reached ** piety under Uskayaw
  2255 | D:4      | Reached *** piety under Uskayaw
  2257 | D:4      | Reached **** piety under Uskayaw
  2270 | D:4      | Killed Pikel
  2271 | D:4      | Reached skill level 5 in Dodging
  2271 | D:4      | Reached skill level 7 in Unarmed Combat
  2271 | D:4      | Reached XP level 8. HP: 11/33 MP: 3/9
  2983 | D:5      | Reached skill level 5 in Stealth
  3033 | D:5      | HP: 2/49 [poisoned by a water moccasin]
  3217 | D:5      | Reached skill level 8 in Unarmed Combat
  3815 | D:6      | Reached XP level 9. HP: 37/37 MP: 10/10
  3829 | D:6      | Found a staircase to the Ecumenical Temple.
  4078 | D:6      | Found a basalt altar of Yredelemnul.
  4268 | D:6      | Found a sand-covered staircase.
  4319 | Ossuary  | Entered an ossuary
  4399 | Ossuary  | Reached skill level 9 in Unarmed Combat
  4477 | D:6      | Identified a scroll of acquirement
  4478 | D:6      | Acquired a manual of Unarmed Combat
  4554 | D:6      | Found a large runed translucent door.
  4555 | D:6      | Found a large runed translucent door.
  5073 | D:7      | Found a broken altar of Ashenzari.
  5129 | D:7      | Found a shimmering blue altar of Sif Muna.
  5151 | D:7      | Noticed a two-headed ogre
  5187 | D:7      | Reached skill level 10 in Unarmed Combat
  5187 | D:7      | Found a sacrificial altar of Ru.
  5196 | D:7      | Found a flagged portal.
  5205 | Bailey   | Entered a bailey
  5550 | Bailey   | Reached XP level 10. HP: 37/41 MP: 11/11
  5628 | Bailey   | Reached skill level 11 in Unarmed Combat
  5721 | Bailey   | Reached skill level 1 in Evocations
  6006 | Bailey   | Reached XP level 11. HP: 44/44 MP: 12/12
  6508 | D:7      | Noticed Caerwyn's ghost (novice MfSh)
  6518 | D:7      | Found a transporter.
  6561 | D:7      | Slain by a two-headed ogre
  6562 | D:7      | Reached XP level 10. HP: -1/49 MP: 11/11
  6584 | D:7      | Killed a two-headed ogre
  6664 | D:7      | Found a transporter.
  6693 | D:7      | Found a shimmering altar of Xom.
  6896 | D:8      | Noticed Grum
  6903 | D:8      | Killed Grum
  6904 | D:8      | Reached skill level 12 in Unarmed Combat
  6911 | D:8      | Reached ***** piety under Uskayaw
  7775 | D:9      | Reached XP level 11. HP: 44/45 MP: 12/12
  8009 | D:9      | Noticed Prince Ribbit
  8017 | D:9      | Killed Prince Ribbit
  8020 | D:9      | Noticed an orange crystal statue
  8310 | D:9      | Noticed Maggie
  8329 | D:9      | Killed Maggie
  8330 | D:9      | Reached skill level 13 in Unarmed Combat
  8334 | D:9      | Found a white marble altar of Elyvilon.
  8607 | D:10     | Entered Level 10 of the Dungeon
  8809 | D:10     | Found a staircase to the Orcish Mines.
  8821 | D:10     | Found Goumus's Jewellery Boutique.
  8850 | D:10     | Noticed a two-headed ogre
  8863 | D:10     | Killed a two-headed ogre
  8864 | D:10     | Reached skill level 10 in Stealth
  8964 | D:10     | Found Xownoil's Antique Armour Shop.
  9054 | D:10     | Found the +2 ratskin cloak {*Rats rPois rN+ Str-1 Int-1
                  | Dex+1}
  9089 | D:10     | Found Taunued's Distillery.
  9091 | D:10     | Found an ancient bone altar of Kikubaaqudgha.
  9107 | D:10     | Bought a potion of heal wounds for 50 gold pieces
  9107 | D:10     | Bought a potion of heal wounds for 50 gold pieces
  9175 | D:10     | Identified the +5 hand axe "Otrod" {heavy, Dex+3}
  9291 | D:11     | Reached ****** piety under Uskayaw
  9499 | D:11     | Found a staircase to the Lair.
  9511 | D:11     | Reached skill level 14 in Unarmed Combat
  9545 | D:11     | Shot with an arrow by a centaur
  9546 | D:11     | Reached XP level 10. HP: -6/42 MP: 11/11
  9558 | D:11     | Noticed a boulder beetle
  9587 | Orc:1    | Entered Level 1 of the Orcish Mines
  9667 | Orc:2    | Entered Level 2 of the Orcish Mines
  9667 | Orc:2    | Found Ywkateq's Book Emporium.
  9740 | Orc:2    | HP: 1/42 [troll (10)]
  9933 | Orc:2    | Found Lyhureh's Magic Scroll Boutique.
  9933 | Orc:2    | Noticed an ogre mage
  9933 | Orc:2    | Noticed a two-headed ogre
  9933 | Orc:2    | Noticed a two-headed ogre
  9934 | Orc:2    | Noticed a two-headed ogre
  9934 | Orc:2    | Noticed an ogre mage
 10074 | Orc:2    | Killed an ogre mage
 10075 | Orc:2    | Reached XP level 11. HP: 39/45 MP: 12/12
 10244 | Orc:2    | Noticed a two-headed ogre
 10438 | Orc:2    | Killed a two-headed ogre
 10604 | Orc:2    | Killed a two-headed ogre
 10607 | Orc:2    | Killed a two-headed ogre
 10608 | Orc:2    | Reached skill level 15 in Unarmed Combat
 10611 | Orc:2    | Killed a two-headed ogre
 10649 | Orc:2    | Noticed a two-headed ogre
 10651 | Orc:2    | Killed an ogre mage
 10658 | Orc:2    | Killed a two-headed ogre
 10674 | Orc:2    | Noticed an ettin
 10683 | Orc:2    | Killed an ettin
 10687 | Orc:2    | Found a staircase to the Elven Halls.
 10714 | Orc:2    | Noticed an ogre mage
 10734 | Orc:2    | Noticed an ogre mage
 10767 | Orc:2    | Noticed a two-headed ogre
 10805 | Orc:2    | Killed a two-headed ogre
 10807 | Orc:2    | Killed from afar by an ogre mage

Illustrated notes

Levels and vault maps discovered:
D:1:      dpeg_arrival_water_temple_mockup, layout_basic, serial_shops,
          nicolae_shop_tiny_real_fake_doors, minmay_split_cup_large
D:2:      layout_basic, uniq_sigmund, uniq_jessica
D:3:      layout_basic, grunt_temple_overflow_open,
          chequers_ecumenical_altar_simple, uniq_grinder, uniq_natasha
D:4:      layout_basic, mainiacjoe_overflow_six_doors_small, uniq_pikel
D:5:      layout_gridville
D:6:      layout_loops_ring, nicolae_yredelemnul_corpse_copse,
          jmf_multi_god_temple2, minmay_temple_entry_antechambers,
          nicolae_ossuary_entry_false_entrances
D:7:      layout_loops_ring, nicolae_overflow_crystal_walls,
          nicolae_sif_muna_condensation, led_xom_imps,
          overflow_temple_1_default, nzn_ghost_randoct, enter_bailey_1
D:8:      layout_loops_cross, uniq_grum
D:9:      layout_loops_ring, mainiacjoe_overflow_tiny_flanked,
          minmay_statue_bubble, uniq_maggie, uniq_prince_ribbit1
D:10:     layout_basic, mainiacjoe_overflow_alcove_4, orc_0_dummy, serial_glass,
          glass_columns_a, glass_columns_c, item_on_display_a, serial_shops,
          nicolae_shop_crystal, shop_fountains, nicolae_square_shop,
          kennysheep_decorative_pillar, minivault_24, feat_on_display
D:11:     gammafunk_indiana_jones, layout_cave_pools, hellmonk_lair_entry_icy,
          serial_shops, nicolae_shop_just_a_little_nook, minivault_15,
          minivault_24, kennysheep_another_room, hangedman_misty_isle
Orc:1:    layout_caves, bloody_makhleb
Orc:2:    st_orc_ogre_mass, layout_caves, serial_shops, shop, elf_legates

Skill      XL: |  1  2  3  4  5  6  7  8  9 10 11 |
---------------+----------------------------------+-----
Dodging        | 3 4 5 6 7 9 |  9.4
Shapeshifting  | 4 5 6 12 13 | 13.3
Unarmed Combat | 4 5 7 8 10 12 15 | 15.8
Stealth        | 1 4 6 8 11 10 | 11.7
Fighting       | 2 3 |  3.5
Evocations     | 1 |  1.7

Action                     |  1- 3 |  4- 6 |  7- 9 | 10-12 || total
---------------------------+-------+-------+-------+-------++-------
  Melee: Unarmed           |    69 |    77 |   272 |   360 ||   778
         Bite              |     6 |     7 |    22 |    29 ||    64
         Punch             |       |     3 |    16 |    10 ||    29
         Constrict         |       |       |       |    34 ||    34
 Invoke: Stomp             |       |       |     2 |       ||     2
  Evoke: Wand              |       |       |     6 |    11 ||    17
    Use: Potion            |       |       |     4 |     2 ||     6
         Scroll            |       |       |     6 |       ||     6
   Stab: Sleeping          |       |     3 |    20 |    12 ||    35
         Paralysed         |       |       |     7 |    23 ||    30
         Distracted        |       |       |       |     3 ||     3
 Armour: Skin              |     5 |       |    13 |    32 ||    50
  Dodge: Dodged            |    58 |    42 |   236 |   290 ||   626
   Form: Anaconda          |       |       |       |     2 ||     2
                           |       |       |       |     1 ||     1
         Blade             |       |       |       |     1 ||     1

Table legend: (Time is in decaauts)
 A = Elapsed time spent in this place.
 B = Non-inter-level travel time spent in this place.
 C = Inter-level travel time spent in this place.
 D = Time resting spent in this place.
 E = Time spent auto-exploring this place.
 F = Levels seen in this place.
 G = Mean time per level.
                   A        B        C        D        E       F      G
               +--------+--------+--------+--------+--------+-----+--------+
         Total |   9458 |   9078 |    380 |   1931 |   4363 |  15 |  630.5 |
       Dungeon |   7394 |   7021 |    373 |   1072 |   4082 |  11 |  672.2 |
  Orcish Mines |   1112 |   1105 |      7 |    614 |    130 |   2 |  556.0 |
       Ossuary |    129 |    129 |      0 |      0 |     55 |   1 |  129.0 |
        Bailey |    822 |    822 |      0 |    244 |     94 |   1 |  822.0 |
               +--------+--------+--------+--------+--------+-----+--------+

Top non-repeatable levels by time:
     D:9: 993 daAuts
     D:7: 952 daAuts
  Bailey: 822 daAuts
     D:6: 809 daAuts
     D:4: 796 daAuts
     D:1: 765 daAuts
     D:8: 740 daAuts
     D:5: 717 daAuts
   Orc:1: 693 daAuts
     D:2: 465 daAuts
    D:10: 430 daAuts
     D:3: 428 daAuts
   Orc:2: 419 daAuts
    D:11: 294 daAuts
 Ossuary: 129 daAuts
